 Zot Defence DCSS version 0.15.2 (webtiles) character file.

12188 Groucho the Hoplite (level 11, -2/90 (101) HPs)
             Began as a Minotaur Fighter on Mar 17, 2021.
             Was a Believer of Makhleb.
             Splashed by an oklob plant's acid (21 damage)
             ... created by the player character
             ... in the Realm of Zot (Scenario V: Glassed Sandwich).
             The game lasted 00:19:03 (2004 turns).

Groucho the Hoplite (Minotaur Fighter)              Turns: 2004, Time: 00:19:03

HP  -2/90 (101)  AC  3     Str 21      XL: 11   Next: 59%
MP   4/4         EV  9     Int  5      God: Makhleb [**....]
Gold 0           SH 12     Dex 13      Spells:  0 memorised, 10 levels left

rFire  . . .     SeeInvis .     a - +0 war axe (curse)
rCold  . . .     Clarity  .     b - +0 scale mail
rNeg   . . .     rCorr    .     c - +0 shield
rPois  .         rRot     .     (helmet restricted)
rElec  .         Spirit   .     (no cloak)
SustAb .         Warding  .     (no gloves)
rMut   .         Stasis   .     (no boots)
Gourm  .                        (no amulet)
MR     .....                    (no ring)
                                (no ring)

@: corroded equipment, not resistant to hostile enchantments, extremely
unstealthy
A: retaliatory headbutt, horns 2
a: Make oklob sapling, Make arrow trap, Make plant, Remove Curse, Make burning
bush, Make altar, Make grenades, Make oklob plant, Make net trap, Make ice
statue, Make spear trap, Make alarm trap, Minor Destruction, Renounce Religion


You were in the Realm of Zot.
You worshipped Makhleb.
Makhleb was pleased with you.
You were not hungry.

You visited 1 branch

Inventory:

Hand weapons
 a - a cursed +0 war axe (weapon)
 l - a +2 whip of flaming
Armour
 b - a +0 scale mail (worn)
 c - a +0 shield (worn)
Comestibles
 f - a bread ration
Scrolls
 k - a scroll of blinking
Potions
 e - a potion of might
 g - a potion of heal wounds
 h - a potion of haste
 i - 2 potions of magic


   Skills:
 * Level 10.6 Fighting
 * Level 10.3 Axes
 * Level 10.7 Armour
 + Level 6.0 Dodging
 * Level 10.8 Shields
 + Level 5.9 Unarmed Combat


You had 10 spell levels left.
You didn't know any spells.

Dungeon Overview and Level Annotations

Branches:
    Zot (1/1)

Altars:
Makhleb

Annotations:
Zot exclusion: oklob plant


Innate Abilities, Weirdness & Mutations

You reflexively headbutt those who attack you in melee.
You have a pair of horns on your head.


Message History

* * * LOW HITPOINT WARNING * * *
A water moccasin comes into view.
You hit the oklob plant but do no damage.
You headbutt the oklob plant!
The oklob plant is heavily damaged.
Your ice statue glitters chillingly in the dim dungeon light.
Unknown command.
You slash the oklob plant!
You headbutt the oklob plant, but do no damage.
The oklob plant is severely damaged.
Your ice beast hits the oklob plant but does no damage.
Unknown command.
You hit the oklob plant but do no damage.
The oklob plant is severely damaged.
Your ice beast hits the oklob plant but does no damage.
The oklob plant spits acid at you. The splash of acid hits you!
* * * LOW HITPOINT WARNING * * *
The acid burns!
You die...

▓▓▓▓▓▓▓▓▓▓▓▓▓▓▓▓▓▓▓▓▓▓▓▓▓▓▓▓▓▓▓▓▓
.................................
..............▓▓)▓▓..............
.............▓▓%S)▓▓.............
............▓▓)))%.▓▓............
...........▓▓...))).▓▓...........
..........▓▓....)....▓▓..........
▓▓▓▓▓▓▓▓▓▓▓P...)))..)P▓▓▓▓▓▓▓▓▓▓▓
∆∆∆∆)?[▓▓▓▓▓▓▓▓P@8▓▓▓▓▓▓▓▓▓(=∆∆∆∆
▓▓▓▓▓▓▓▓▓▓▓P...)Y)...P▓▓▓▓▓▓▓▓▓▓▓
..........▓▓...))...)▓▓..........
...........▓▓...)...▓▓...........
............▓▓%.).)▓▓............
.............▓▓.)%▓▓.............
..............▓▓%▓▓..............
...............%.)...............
▓▓▓▓▓▓▓▓▓▓▓▓▓▓▓▓▓▓▓▓▓▓▓▓▓▓▓▓▓▓▓▓▓


You could see an oklob plant, a water moccasin, a friendly ice statue, 4
friendly oklob plants and a friendly ice beast.

Vanquished Creatures
  Pikel (Zot)
  An orc knight (Zot)
  3 wolf spiders (Zot)
  2 slime creatures (Zot)
  Edmund (Zot)
  Menkaure (Zot)
  2 black bears (Zot)
  An ogre (Zot)
  Sigmund (Zot)
  3 giant frogs (Zot)
  2 oklob saplings (Zot)
  2 hounds (Zot)
  A gnoll shaman (Zot)
  2 worker ants (Zot)
  An orc wizard (Zot)
  A gnoll (Zot)
  An adder (Zot)
  2 green rats (Zot)
  A giant mite (Zot)
  A worm (Zot)
  3 oozes (Zot)
  4 orcs (Zot)
  6 goblins (Zot)
  3 hobgoblins (Zot)
  3 kobolds (Zot)
  12 bats (Zot)
  A giant newt (Zot)
  3 quokkas (Zot)
  A rat (Zot)
66 creatures vanquished.

Vanquished Creatures (collateral kills)
  An orc knight (Zot)
  An ugly thing (Zot)
  Joseph (Zot)
  A polar bear (Zot)
  A merfolk (Zot)
  10 slime creatures (Zot)
  A wind drake (Zot)
  A deep elf mage (Zot)
  A warg (Zot)
  2 orc warriors (Zot)
  8 black bears (Zot)
  Purgy (Zot)
  An ogre (Zot)
  A phantom (Zot)
  A water moccasin zombie (Zot)
  Duvessa (Zot)
  An insubstantial wisp (Zot)
  2 giant frogs (Zot)
  2 wights (Zot)
  3 hounds (Zot)
  A giant frog zombie (Zot)
  A goliath beetle (Zot)
  3 orc wizards (Zot)
  2 gnoll shamans (Zot)
  3 worker ants (Zot)
  A sheep (Zot)
  An orc zombie (Zot)
  6 green rats (Zot)
  4 adders (Zot)
  A giant mite (Zot)
  A worm (Zot)
  4 giant geckos (Zot)
  13 orcs (Zot)
  2 giant cockroaches (Zot)
  7 hobgoblins (Zot)
  2 jackals (Zot)
  4 quokkas (Zot)
  A ball python (Zot)
  19 goblins (Zot)
  6 kobolds (Zot)
  7 rats (Zot)
130 creatures vanquished.

Vanquished Creatures (others)
  3 ice beasts (Zot)
3 creatures vanquished.

Grand Total: 199 creatures vanquished

Notes
Turn   | Place    | Note
--------------------------------------------------------------
     0 | Zot      | Groucho, the Minotaur Fighter, began the quest for the Orb.
     0 | Zot      | Reached XP level 1. HP: 19/19 MP: 1/1
   244 | Zot      | Reached XP level 2. HP: 25/27 MP: 1/1
   294 | Zot      | Reached skill level 4 in Armour
   301 | Zot      | Reached XP level 3. HP: 33/33 MP: 2/2
   364 | Zot      | Reached XP level 4. HP: 14/41 MP: 2/2
   468 | Zot      | Reached skill level 5 in Shields
   468 | Zot      | Reached XP level 5. HP: 30/47 MP: 2/2
   472 | Zot      | Reached skill level 5 in Fighting
   528 | Zot      | Reached XP level 6. HP: 40/56 MP: 3/3
   539 | Zot      | Reached skill level 5 in Armour
   579 | Zot      | Noticed Menkaure
   590 | Zot      | Killed Menkaure
   590 | Zot      | Reached skill level 1 in Dodging
   604 | Zot      | Reached skill level 5 in Axes
   604 | Zot      | Reached skill level 1 in Unarmed Combat
   604 | Zot      | Reached XP level 7. HP: 30/61 MP: 3/3
   642 | Zot      | Reached skill level 6 in Shields
   761 | Zot      | Reached XP level 8. HP: 47/70 MP: 3/3
   791 | Zot      | Became a worshipper of Makhleb the Destroyer
   863 | Zot      | Noticed Sigmund
   886 | Zot      | Killed Sigmund
   886 | Zot      | Reached skill level 7 in Shields
   965 | Zot      | Noticed Pikel
   978 | Zot      | Killed Pikel
   978 | Zot      | Reached XP level 9. HP: 38/79 MP: 4/4
  1059 | Zot      | Acquired Makhleb's first power
  1063 | Zot      | Noticed Purgy
  1070 | Zot      | Killed Purgy
  1156 | Zot      | Reached skill level 8 in Shields
  1267 | Zot      | Noticed Edmund
  1275 | Zot      | Killed Edmund
  1539 | Zot      | Acquired Makhleb's second power
  1542 | Zot      | Reached XP level 10. HP: 79/79 MP: 4/4
  1548 | Zot      | Reached skill level 9 in Shields
  1598 | Zot      | Noticed a wolf spider
  1611 | Zot      | Killed a wolf spider
  1622 | Zot      | Noticed an orc knight
  1625 | Zot      | Reached skill level 5 in Unarmed Combat
  1634 | Zot      | Killed an orc knight
  1649 | Zot      | Reached skill level 5 in Dodging
  1654 | Zot      | Noticed an orc knight
  1662 | Zot      | Reached skill level 10 in Shields
  1671 | Zot      | Killed an orc knight
  1671 | Zot      | Reached XP level 11. HP: 28/88 MP: 4/4
  1827 | Zot      | Reached skill level 10 in Fighting
  1827 | Zot      | Reached skill level 10 in Armour
  1832 | Zot      | Reached skill level 10 in Axes
  1856 | Zot      | Noticed Duvessa
  1859 | Zot      | Killed Duvessa
  1964 | Zot      | Noticed Joseph
  1975 | Zot      | Killed Joseph
  2004 | Zot      | Splashed by an oklob plant's acid

Action                   |  1- 3 |  4- 6 |  7- 9 | 10-12 || total
-------------------------+-------+-------+-------+-------++-------
Melee: War axe           |    44 |    30 |    75 |    58 ||   207
 Abil: Make oklob saplin |     1 |     1 |       |       ||     2
       Make oklob plant  |       |       |     5 |       ||     5
       Make altar        |       |       |     1 |       ||     1
       Make ice statue   |       |       |       |     1 ||     1
  Use: Potion            |       |     1 |     1 |     2 ||     4
 Stab: Distracted        |       |       |     2 |     6 ||     8
       Betrayed ally     |       |       |     1 |       ||     1
